Map: Línea Aguablanca EE

Players

Firebat

  • Race: Terran Terran
  • Spawn Location: 7:00

SatanaS

  • Race: Protoss Protoss
  • League: Gold
  • Spawn Location: 6:00

Abaddon

  • Race: Terran Terran
  • Spawn Location: 7:00

MrFercho

  • Race: Zerg Zerg
  • Spawn Location: 12:00

tigro

  • Race: Terran Terran
  • Spawn Location: 1:00

TATORREA

  • Race: Protoss Protoss
  • League: Silver
  • Spawn Location: 1:00

VOD

Have the link to the VOD?

Description

Time

  • Played on: June 9, 2020, 9:01 p.m.
  • Length: 6:36
Show
View Real Time Build Order
Export as new Build Order

Firebat Terran 

Build Orders:  

Get SALT Encoding   

  12  0:01  SCV  
  13  0:13  SCV  
  14  0:19  Supply Depot  
  14  0:25  SCV  
  15  0:32  Refinery  
  15  0:41  SCV  
  16  0:51  Barracks  
  16  0:53  SCV  
  17  1:05  SCV  
  18  1:14  Barracks  
  18  1:17  SCV  
  19  1:29  SCV  
  19  1:32  Refinery  
  20  1:41  Barracks Reactor  
  20  1:45  SCV  
  21  1:56  Supply Depot  
  21  2:02  Barracks Tech Lab  
  21  2:05  Factory  
  21  2:08  SCV  
  22  2:18  Marine x2  
  22  2:20  Marine, SCV  
  26  2:23  Stimpack  
  26  2:36  Marine x2  
  28  2:38  Marine  
  29  2:48  Supply Depot  
  29  2:50  Factory Tech Lab  
  29  2:54  Marine x2  
  31  3:04  Starport  
  31  3:09  Marine  
  32  3:13  Supply Depot  
  32  3:15  Marine x2  
  34  3:25  Siege Tank  
  37  3:29  Marine  
  37  3:32  Marine  
  39  3:35  Marine  
  40  3:43  Medivac  
  42  3:49  Marine  
  42  3:54  Supply Depot  
  43  4:03  Siege Tank  
  43  4:07  Marine  
  47  4:15  Marine x2  
  49  4:20  Medivac  
  51  4:44  Combat Shield  
  51  5:01  Marine x3  
  51  5:06  Supply Depot  
  54  5:19  Marine  
  55  5:28  Siege Tank  
  55  6:01  Marine  
  55  6:02  Marine x2, Siege Tank  
  55  6:03  Medivac  
  63  6:14  SCV  
  63  6:18  Command Center  
Show
View Real Time Build Order
Export as new Build Order

SatanaS Protoss 

Build Orders:  

Get SALT Encoding   

  12  0:03  Probe  
  13  0:17  Pylon  
  13  0:18  Probe  
  14  0:30  Probe  
  15  0:36  Gateway  
  15  0:43  Assimilator  
  15  0:46  Probe  
  16  0:58  Probe  
  17  1:10  Probe  
  18  1:22  Probe  
  19  1:29  Cybernetics Core  
  19  1:31  Probe  
  19  1:33  Assimilator, Pylon  
  19  1:39  Probe  
  21  1:49  Probe  
  21  1:51  Warp Gate  
  22  2:01  Probe  
  23  2:12  Robotics Facility  
  23  2:25  Pylon  
  23  2:26  Stalker  
  25  2:42  Gateway  
  25  2:44  Gateway  
  25  2:54  Pylon  
  25  2:58  Stalker, Twilight Council  
  27  3:01  Immortal  
  31  3:26  Charge, Pylon  
  31  3:30  Stalker  
  33  3:44  Stalker  
  33  3:47  Zealot  
  37  4:09  Zealot  
  39  4:10  Zealot x2  
  43  4:36  Zealot x3  
  49  4:46  Warp Prism  
  51  5:01  Pylon  
  49  5:51  Zealot x3  
  55  6:14  Zealot x3  
Show
View Real Time Build Order
Export as new Build Order

Abaddon Terran 

Build Orders:  

Get SALT Encoding   

  12  0:11  Supply Depot  
  12  0:22  Supply Depot  
  12  0:25  SCV  
  13  0:37  SCV  
  14  0:57  Refinery  
  14  1:27  Barracks  
  14  1:35  Barracks  
  14  1:42  Barracks  
  14  1:45  SCV  
  15  1:57  SCV  
  16  2:09  SCV  
  17  2:18  Barracks Reactor  
  17  2:21  SCV  
  18  2:25  Barracks Reactor  
  18  2:35  Barracks Tech Lab  
  18  2:39  Orbital Command  
  18  2:59  Combat Shield  
  18  3:02  Marine x2  
  20  3:06  Marine  
  20  3:07  Marine  
  22  3:15  SCV  
  23  3:20  Marine x3  
  23  3:24  Marine x2  
  28  3:31  Supply Depot  
  28  3:37  Supply Depot  
  28  3:38  Marine x3  
  31  3:46  Supply Depot  
  31  3:52  Marine x2  
  33  3:56  Marine x2  
  33  4:02  Marine  
  36  4:10  Marine x2  
  36  4:13  Marine  
  36  4:14  Supply Depot, Marine  
  40  4:20  Marine  
  41  4:28  Marine x2  
  43  4:31  Marine x2  
  43  4:38  Marine  
  44  4:46  Marine  
  44  4:50  Marine x3  
  48  4:56  Marine  
  49  5:04  Marine  
  50  5:07  Marine  
  50  5:08  Marine x2  
  50  5:13  Marine  
Show
View Real Time Build Order
Export as new Build Order

MrFercho Zerg 

Build Orders: Hatch First 

Get SALT Encoding   

  12  0:01  Drone  
  13  0:13  Overlord  
  13  0:18  Drone  
  14  0:31  Drone x2  
  16  0:50  Drone x2  
  18  0:59  Hatchery  
  17  1:08  Drone  
  18  1:19  Spawning Pool, Drone  
  18  1:25  Drone  
  18  1:30  Extractor  
  18  1:35  Drone  
  19  1:47  Drone  
  20  2:00  Drone  
  21  2:01  Drone  
  22  2:13  Queen  
  22  2:14  Queen  
  22  2:15  Drone x2  
  28  2:25  Overlord x2  
  28  2:27  Extractor  
  28  2:28  Extractor  
  26  2:34  Drone  
  26  2:35  Roach Warren  
  26  2:42  Drone  
  26  2:44  Drone x2  
  29  3:03  Drone x2  
  31  3:06  Lair  
  31  3:07  Drone x2  
  33  3:19  Drone x2  
  35  3:20  Spine Crawler  
  34  3:30  Drone x4  
  34  3:31  Drone x2  
  40  3:35  Drone  
  40  3:38  Drone  
  42  3:55  Overlord x3  
  42  4:09  Drone x2  
  44  4:15  Zergling x2  
  44  4:16  Zergling x10  
  50  4:23  Roach  
  52  4:26  Glial Reconstitution  
  52  4:41  Spore Crawler  
  52  4:45  Spore Crawler  
  50  4:46  Drone x4, Spine Crawler  
  50  4:47  Drone  
  54  5:05  Roach x3  
  60  5:08  Overlord x3  
  60  5:13  Hatchery  
  57  5:27  Spore Crawler  
  52  5:30  Roach  
  52  5:31  Roach x3  
  50  5:43  Roach x2  
  50  5:44  Spine Crawler  
  50  5:47  Roach x2  
  51  6:02  Spine Crawler  
  39  6:04  Roach  
  39  6:05  Roach  
Show
View Real Time Build Order
Export as new Build Order

tigro Terran 

Build Orders:  

Get SALT Encoding   

  12  0:03  SCV  
  13  0:15  SCV  
  14  0:28  SCV  
  15  0:35  Supply Depot, Refinery  
  15  0:57  SCV  
  16  1:09  SCV  
  16  1:11  Barracks  
  17  1:18  Refinery  
  17  1:21  SCV  
  18  1:33  SCV  
  19  1:40  Supply Depot  
  19  1:45  SCV  
  20  1:57  SCV  
  20  1:58  Marine  
  22  2:09  SCV  
  22  2:11  Barracks  
  23  2:16  Marine  
  23  2:21  SCV  
  25  2:34  Marine  
  25  2:35  Engineering Bay  
  26  2:41  SCV  
  27  2:52  Marine  
  28  2:59  Barracks Tech Lab  
  28  3:09  Marine  
  29  3:15  Factory  
  29  3:48  Command Center  
  29  3:49  Combat Shield  
  29  3:51  Barracks Tech Lab, Marine  
  29  3:54  Orbital Command  
  30  3:58  Terran Infantry Weapons Level 1  
  30  4:09  Marine  
  31  4:10  Stimpack  
  31  4:26  Marine x2  
  31  4:28  Factory Tech Lab  
  33  4:42  Starport  
  33  4:44  Marine x2  
  35  4:54  Siege Tank  
  38  5:02  Marine x2, SCV  
  41  5:08  Concussive Shells  
  41  5:12  Refinery  
  41  5:15  SCV  
  41  5:19  Medivac  
  41  5:20  Marine x2  
  46  5:27  SCV  
  34  5:38  Marine x2  
  25  6:24  Supply Depot  
  25  6:31  Starport Tech Lab  
Show
View Real Time Build Order
Export as new Build Order

TATORREA Protoss 

Build Orders:  

Get SALT Encoding   

  12  0:04  Probe  
  13  0:19  Probe  
  14  0:27  Pylon, Probe  
  15  0:43  Probe  
  16  0:52  Gateway x2  
  16  1:02  Probe  
  17  1:11  Assimilator  
  17  1:14  Probe  
  18  1:21  Pylon  
  18  1:26  Probe  
  19  1:57  Nexus  
  19  2:02  Zealot  
  19  2:04  Pylon  
  19  2:05  Zealot  
  23  2:09  Probe  
  24  2:17  Assimilator  
  24  2:21  Probe  
  25  2:33  Probe  
  26  2:49  Probe  
  27  2:52  Zealot x2  
  31  3:13  Cybernetics Core  
  31  3:15  Probe  
  31  3:16  Gateway  
  31  3:17  Probe  
  31  3:18  Gateway  
  33  3:32  Probe x2  
  35  3:44  Probe x2  
  37  3:53  Twilight Council  
  37  3:55  Robotics Facility  
  37  3:56  Probe x2  
  39  4:08  Probe x2  
  41  4:16  Warp Gate  
  41  4:18  Pylon  
  41  4:20  Probe x2  
  41  4:22  Pylon  
  35  4:45  Stalker  
  35  4:46  Stalker x3  
  43  4:54  Probe x2  
  45  5:02  Assimilator  
  45  5:04  Assimilator  
  45  5:06  Immortal  
  49  5:12  Probe  
  50  5:24  Gateway  
  50  5:26  Gateway  
  50  5:29  Gateway  
Tags
 
Add a new tag
Caveats
  • Supply blocks, unpowered buildings, or Contaminate may cause inaccurate times.
  • Supply counts are checked every 10 seconds.